TOP OF THE 1ST |
Canton Indians batting - Pitching for Niagara Falls Phantoms : LHP Tony de la Cruz
|
Pitching: LHP Tony de la Cruz
|
|
Batting: RHB Xavier Bartolani
|
0-0: Ball 1-0: Fly out, F5 (Popup, 25, EV 85.6 MPH)
|
Batting: RHB Rob Marti
|
0-0: Called Strike 0-1: SINGLE (Groundball, 34D, EV 98.1 MPH)
|
Batting: RHB Quan Tai
|
0-0: Called Strike Rob Marti is caught stealing 2nd base 2-4 0-1: Called Strike 0-2: Foul Ball, location: 2F 0-2: Ball 1-2: Foul Ball, location: 2F 1-2: Fly out, F9 (Flyball, 9, EV 85.6 MPH)
|
Top of the 1st over - 0 runs, 1 hit, 0 errors, 0 left on base; Canton 0 - Niagara Falls 0 |
BOTTOM OF THE 1ST |
Niagara Falls Phantoms batting - Pitching for Canton Indians : RHP John Bychyk
|
Pitching: RHP John Bychyk
|
|
Batting: RHB Alfredo Mendez
|
0-0: Foul Ball, location: 2F 0-1: Ball 1-1: Called Strike 1-2: Ball 2-2: Foul Ball, location: 2F 2-2: Strikes out swinging
|
Batting: SHB Bruce Shelton
|
0-0: Swinging Strike 0-1: Ball 1-1: Foul Ball, location: 2F 1-2: Ball 2-2: Strikes out looking
|
Batting: RHB Jonathan Feldstein
|
0-0: Called Strike 0-1: Fly out, F7 (Line Drive, 78M, EV 88.8 MPH)
|
Bottom of the 1st over - 0 runs, 0 hits, 0 errors, 0 left on base; Canton 0 - Niagara Falls 0 |
TOP OF THE 2ND |
Canton Indians batting - Pitching for Niagara Falls Phantoms : LHP Tony de la Cruz
|
Batting: RHB Tony Gonzales
|
0-0: Ball 1-0: Ball 2-0: Ground out 1-3 (Groundball, 13S, EV 73.8 MPH)
|
Batting: SHB Bob Ledlow
|
0-0: Ball 1-0: Ball 2-0: Ball 3-0: Base on Balls
|
Batting: RHB Willie Toral
|
0-0: Ball 1-0: Swinging Strike 1-1: Foul Ball, location: 2F 1-2: Ball 2-2: Strikes out looking
|
Batting: RHB Ryan Paquette
|
0-0: Called Strike 0-1: Foul Ball, location: 2F 0-2: Ball 1-2: Strikes out swinging
|
Top of the 2nd over - 0 runs, 0 hits, 0 errors, 1 left on base; Canton 0 - Niagara Falls 0 |
BOTTOM OF THE 2ND |
Niagara Falls Phantoms batting - Pitching for Canton Indians : RHP John Bychyk
|
Batting: RHB Scott Cuff
|
0-0: Foul Ball, location: 2F 0-1: Ball 1-1: Ball 2-1: Foul Ball, location: 2F 2-2: Foul Ball, location: 2F 2-2: Strikes out swinging
|
Batting: RHB Bailey Hays
|
0-0: Foul Ball, location: 2F 0-1: SOLO HOME RUN (Flyball, 7D, EV 107.5 MPH), Distance : 401 ft
|
Batting: RHB Jim O'Dwyer
|
0-0: Called Strike 0-1: Ball 1-1: Fly out, F8 (Line Drive, 78M, EV 99.4 MPH)
|
Batting: LHB Victor Reyna
|
0-0: Called Strike 0-1: Swinging Strike 0-2: SOLO HOME RUN (Flyball, 78XD, EV 98.1 MPH), Distance : 390 ft
|
Batting: LHB Dave Ortiz
|
0-0: SINGLE (Line Drive, 9S, EV 103.1 MPH)
|
Batting: RHB Juan Perez
|
0-0: Fly out, F8 (Line Drive, 8RM, EV 93.1 MPH)
|
Bottom of the 2nd over - 2 runs, 3 hits, 0 errors, 1 left on base; Canton 0 - Niagara Falls 2 |
TOP OF THE 3RD |
Canton Indians batting - Pitching for Niagara Falls Phantoms : LHP Tony de la Cruz
|
Batting: LHB Jason Kessler
|
0-0: Ball 1-0: Ground out 4-3 (Groundball, 4, EV 105.6 MPH)
|
Batting: SHB Jose Abreu
|
0-0: Ball 1-0: Foul Ball, location: 2F 1-1: Foul Ball, location: 2F 1-2: Foul Ball, location: 2F 1-2: Ball 2-2: Ball 3-2: Foul Ball, location: 2F 3-2: Foul Ball, location: 2F 3-2: Foul Ball, location: 2F 3-2: DOUBLE (Flyball, 89D, EV 91.2 MPH)
|
Batting: RHB Xavier Bartolani
|
0-0: Called Strike 0-1: Called Strike 0-2: Ball 1-2: Strikes out swinging
|
Batting: RHB Rob Marti
|
0-0: Ball 1-0: Called Strike 1-1: Foul Ball, location: 2F 1-2: Ball Wild Pitch! Jose Abreu to third 2-2: Foul Ball, location: 2F 2-2: Ground out 6-3 (Groundball, 6, EV 108.1 MPH)
|
Top of the 3rd over - 0 runs, 1 hit, 0 errors, 1 left on base; Canton 0 - Niagara Falls 2 |
BOTTOM OF THE 3RD |
Niagara Falls Phantoms batting - Pitching for Canton Indians : RHP John Bychyk
|
Batting: RHB Alfredo Mendez
|
0-0: Called Strike 0-1: Ground out 6-3 (Groundball, 6M, EV 80.0 MPH)
|
Batting: SHB Bruce Shelton
|
0-0: Called Strike 0-1: Swinging Strike 0-2: Ball 1-2: Ball 2-2: DOUBLE (Line Drive, 9LM, EV 106.9 MPH)
|
Batting: RHB Jonathan Feldstein
|
0-0: Ball 1-0: Foul Ball, location: 2F 1-1: Foul Ball, location: 2F 1-2: Foul Ball, location: 2F 1-2: Strikes out swinging
|
Batting: RHB Scott Cuff
|
0-0: Ball 1-0: Reached on error, E6 (Groundball, 6, EV 83.8 MPH) Bruce Shelton scores
|
Batting: RHB Bailey Hays
|
0-0: Called Strike 0-1: Ground out 5-3 (Groundball, 5, EV 85.0 MPH)
|
Bottom of the 3rd over - 1 run, 1 hit, 1 error, 1 left on base; Canton 0 - Niagara Falls 3 |
TOP OF THE 4TH |
Canton Indians batting - Pitching for Niagara Falls Phantoms : LHP Tony de la Cruz
|
Batting: RHB Quan Tai
|
0-0: SINGLE (Groundball, 6MS, EV 74.4 MPH) (infield hit)
|
Batting: RHB Tony Gonzales
|
0-0: Called Strike 0-1: Ball 1-1: Called Strike Quan Tai is caught stealing 2nd base 2-4 1-2: Ball 2-2: Ball 3-2: SINGLE (Line Drive, 34D, EV 97.5 MPH)
|
Batting: SHB Bob Ledlow
|
0-0: Ball 1-0: Ball 2-0: Ball 3-0: Base on Balls Tony Gonzales to second
|
Batting: RHB Willie Toral
|
0-0: Ball 1-0: Ball 2-0: Called Strike 2-1: SINGLE (Groundball, 56D, EV 99.4 MPH) Tony Gonzales to third Bob Ledlow to second Runner from 3rd tries for Home, SAFE, throw by LF to home
|
Batting: RHB Ryan Paquette
|
0-0: Called Strike 0-1: Ball 1-1: Ball 2-1: Grounds into double play, 6-4-3 (Groundball, 6, EV 101.9 MPH)
|
Top of the 4th over - 1 run, 3 hits, 0 errors, 1 left on base; Canton 1 - Niagara Falls 3 |
BOTTOM OF THE 4TH |
Niagara Falls Phantoms batting - Pitching for Canton Indians : RHP John Bychyk
|
Batting: RHB Jim O'Dwyer
|
0-0: Called Strike 0-1: Called Strike 0-2: Ball 1-2: Foul Ball, location: 2F 1-2: Foul Ball, location: 2F 1-2: Foul Ball, location: 2F 1-2: Ball 2-2: Ball 3-2: Foul Ball, location: 2F 3-2: Strikes out looking
|
Batting: LHB Victor Reyna
|
0-0: Ball 1-0: Fly out, F7 (Flyball, 78M, EV 87.5 MPH)
|
Batting: LHB Dave Ortiz
|
0-0: Called Strike 0-1: Called Strike 0-2: Ball 1-2: Strikes out looking
|
Bottom of the 4th over - 0 runs, 0 hits, 0 errors, 0 left on base; Canton 1 - Niagara Falls 3 |
TOP OF THE 5TH |
Canton Indians batting - Pitching for Niagara Falls Phantoms : LHP Tony de la Cruz
|
Batting: LHB Jason Kessler
|
0-0: Called Strike 0-1: Swinging Strike 0-2: Strikes out swinging
|
Batting: SHB Jose Abreu
|
0-0: Swinging Strike 0-1: Swinging Strike 0-2: Ball 1-2: Strikes out swinging
|
Batting: RHB Xavier Bartolani
|
0-0: Ball 1-0: Called Strike 1-1: Foul Ball, location: 2F 1-2: Strikes out swinging
|
Top of the 5th over - 0 runs, 0 hits, 0 errors, 0 left on base; Canton 1 - Niagara Falls 3 |
BOTTOM OF THE 5TH |
Niagara Falls Phantoms batting - Pitching for Canton Indians : RHP John Bychyk
|
Batting: RHB Juan Perez
|
0-0: Called Strike 0-1: Foul Ball, location: 2F 0-2: Ball 1-2: Ball 2-2: Ball 3-2: Base on Balls
|
Batting: RHB Alfredo Mendez
|
0-0: Called Strike 0-1: Ball 1-1: Ball 2-1: Foul Ball, location: 2F 2-2: Foul Ball, location: 2F 2-2: Fly out, F8 (Flyball, 8RD, EV 105.6 MPH)
|
Batting: SHB Bruce Shelton
|
0-0: Ball 1-0: Foul Ball, location: 2F 1-1: 2-RUN HOME RUN (Flyball, 89XD, EV 100.6 MPH), Distance : 407 ft
|
Batting: RHB Jonathan Feldstein
|
0-0: Ball 1-0: Ball 2-0: Fly out, F2 (Popup, 3SF, EV 73.8 MPH)
|
Batting: RHB Scott Cuff
|
0-0: Hit by Pitch
|
Batting: RHB Bailey Hays
|
0-0: Fielders Choice at 2nd, 5-4 (Groundball, 56D, EV 87.5 MPH)
|
Bottom of the 5th over - 2 runs, 1 hit, 0 errors, 1 left on base; Canton 1 - Niagara Falls 5 |
TOP OF THE 6TH |
Canton Indians batting - Pitching for Niagara Falls Phantoms : LHP Tony de la Cruz
|
Batting: RHB Rob Marti
|
0-0: Ball 1-0: SINGLE (Groundball, 56D, EV 99.4 MPH)
|
Batting: RHB Quan Tai
|
0-0: Foul Ball, location: 2F 0-1: Swinging Strike 0-2: Strikes out swinging
|
Batting: RHB Tony Gonzales
|
0-0: Ball 1-0: Called Strike 1-1: Fly out, F9 (Flyball, 9D, EV 101.9 MPH)
|
Batting: SHB Bob Ledlow
|
0-0: Foul Ball, location: 2F 0-1: Foul Ball, location: 2F 0-2: Strikes out looking
|
Top of the 6th over - 0 runs, 1 hit, 0 errors, 1 left on base; Canton 1 - Niagara Falls 5 |
BOTTOM OF THE 6TH |
Niagara Falls Phantoms batting - Pitching for Canton Indians : RHP John Bychyk
|
Batting: RHB Jim O'Dwyer
|
0-0: Called Strike 0-1: Fly out, F7 (Flyball, 7S, EV 88.1 MPH)
|
Batting: LHB Victor Reyna
|
0-0: Ball 1-0: Foul Ball, location: 2F 1-1: Foul Ball, location: 2F 1-2: Ball 2-2: Ball 3-2: Base on Balls
|
Batting: LHB Dave Ortiz
|
0-0: Ball 1-0: Ball 2-0: Foul Ball, location: 2F 2-1: Fly out, F7 (Flyball, 7LS, EV 89.4 MPH)
|
Batting: RHB Juan Perez
|
0-0: Ball 1-0: Ball 2-0: Called Strike 2-1: Ground out 4-3 (Groundball, 4, EV 89.4 MPH)
|
Bottom of the 6th over - 0 runs, 0 hits, 0 errors, 1 left on base; Canton 1 - Niagara Falls 5 |
TOP OF THE 7TH |
Canton Indians batting - Pitching for Niagara Falls Phantoms : LHP Tony de la Cruz
|
Batting: RHB Willie Toral
|
0-0: Ball 1-0: Ball 2-0: Ball 3-0: Base on Balls
|
Batting: RHB Ryan Paquette
|
0-0: Ball 1-0: Called Strike 1-1: Foul Ball, location: 2F 1-2: Strikes out swinging
|
Batting: LHB Jason Kessler
|
0-0: Called Strike 0-1: Ball 1-1: Ball 2-1: Foul Ball, location: 2F 2-2: Strikes out swinging
|
Batting: SHB Jose Abreu
|
0-0: Swinging Strike 0-1: Foul Ball, location: 2F 0-2: Ball 1-2: Ball 2-2: Strikes out swinging
|
Top of the 7th over - 0 runs, 0 hits, 0 errors, 1 left on base; Canton 1 - Niagara Falls 5 |
BOTTOM OF THE 7TH |
Niagara Falls Phantoms batting - Pitching for Canton Indians : RHP John Bychyk
|
Pitching: RHP Abdul-Wadud Mazin
|
|
Batting: RHB Alfredo Mendez
|
0-0: Ground out U3 (Groundball, 3, EV 80.6 MPH)
|
Batting: SHB Bruce Shelton
|
0-0: Ball 1-0: Foul Ball, location: 2F 1-1: Called Strike 1-2: SINGLE (Groundball, 3D, EV 105.0 MPH)
|
Batting: RHB Jonathan Feldstein
|
0-0: Foul Ball, location: 2F 0-1: Grounds into double play, 6-4-3 (Groundball, 6, EV 96.2 MPH)
|
Bottom of the 7th over - 0 runs, 1 hit, 0 errors, 0 left on base; Canton 1 - Niagara Falls 5 |
TOP OF THE 8TH |
Canton Indians batting - Pitching for Niagara Falls Phantoms : LHP Tony de la Cruz
|
Pitching: LHP Jordan Cane
|
|
Batting: RHB Xavier Bartolani
|
0-0: Foul Ball, location: 2F 0-1: Ground out 6-3 (Groundball, 6, EV 83.1 MPH)
|
Batting: RHB Rob Marti
|
0-0: Ball 1-0: SOLO HOME RUN (Flyball, 7D, EV 93.8 MPH), Distance : 373 ft
|
Batting: RHB Quan Tai
|
0-0: Ball 1-0: Ball 2-0: Called Strike 2-1: Called Strike 2-2: Ball 3-2: Strikes out swinging
|
Batting: RHB Tony Gonzales
|
0-0: Called Strike 0-1: Ball 1-1: Called Strike 1-2: SOLO HOME RUN (Flyball, 78XD, EV 96.2 MPH), Distance : 397 ft
|
Batting: SHB Bob Ledlow
|
0-0: Called Strike 0-1: Swinging Strike 0-2: Strikes out swinging
|
Top of the 8th over - 2 runs, 2 hits, 0 errors, 0 left on base; Canton 3 - Niagara Falls 5 |
BOTTOM OF THE 8TH |
Niagara Falls Phantoms batting - Pitching for Canton Indians : RHP Abdul-Wadud Mazin
|
Batting: RHB Jose Villanueva
|
0-0: Fly out, F7 (Flyball, 7, EV 88.8 MPH)
|
Batting: RHB Bailey Hays
|
0-0: Called Strike 0-1: Ball 1-1: Swinging Strike 1-2: Ball 2-2: Foul Ball, location: 2F 2-2: Foul Ball, location: 2F 2-2: Foul Ball, location: 2F 2-2: Ball 3-2: Strikes out swinging
|
Batting: RHB Jim O'Dwyer
|
0-0: Foul Ball, location: 2F 0-1: Ball 1-1: Ball 2-1: Ball 3-1: Swinging Strike 3-2: Strikes out swinging
|
Bottom of the 8th over - 0 runs, 0 hits, 0 errors, 0 left on base; Canton 3 - Niagara Falls 5 |
TOP OF THE 9TH |
Canton Indians batting - Pitching for Niagara Falls Phantoms : LHP Jordan Cane
|
Pitching: LHP Brendan Thompson
|
|
Now at 2B: Hui Li
|
|
Batting: RHB Willie Toral
|
0-0: Called Strike 0-1: Swinging Strike 0-2: Ball 1-2: Foul Ball, location: 2F 1-2: Foul Ball, location: 2F 1-2: Fly out, F8 (Flyball, 8RS, EV 96.2 MPH)
|
Pinch Hitting: LHB Dorian Oram
|
0-0: Ball 1-0: Foul Ball, location: 2F 1-1: SINGLE (Groundball, 4MD, EV 101.2 MPH)
|
Pinch Hitting: RHB Josh Carini
|
0-0: Swinging Strike 0-1: Foul Ball, location: 2F 0-2: Foul Ball, location: 2F 0-2: Ball 1-2: Strikes out looking
|
Pinch Hitting: LHB Mike Humfleet
|
0-0: Called Strike 0-1: Swinging Strike 0-2: Foul Ball, location: 2F 0-2: Ball 1-2: Ball 2-2: SINGLE (Line Drive, 8LS, EV 93.8 MPH) Dorian Oram to second
|
Batting: RHB Xavier Bartolani
|
0-0: Ball 1-0: Ball 2-0: Swinging Strike 2-1: Fielders Choice at 2nd, 6-4 (Groundball, 56, EV 85.6 MPH)
|
Top of the 9th over - 0 runs, 2 hits, 0 errors, 2 left on base; Canton 3 - Niagara Falls 5 |
|